 Dungeon Crawl Stone Soup version 0.29.0-4-gdea44cf6ec (webtiles) character file.

Game seed: 12102782881454479307

37 qw the Sneak (level 3, 0/23 HPs)
             Began as a Gargoyle Delver on Sept 10, 2022.
             Slain by a hobgoblin (1 damage)
             ... led by Robin
             ... on level 4 of the Dungeon.
             The game lasted 00:00:13 (554 turns).

qw the Sneak (Gargoyle Delver)                       Turns: 554, Time: 00:00:13

Health: 0/23       AC:  6    Str: 17    XL:     3   Next: 41%
Magic:  3/3        EV: 11    Int: 10    God:
Gold:   35         SH:  0    Dex: 11    Spells: 2/2 levels left

rFire   . . .      SeeInvis .   a - +0 hand axe
rCold   . . .      Faith    .   (no shield)
rNeg    + . .      Spirit   .   b - +0 leather armour
rPois   inf        Reflect  .   (no helmet)
rElec   +          Harm     .   (no cloak)
rCorr   .          Rampage  .   (no gloves)
Will    .....                   (no boots)
Stlth   +++.......              (no amulet)
HPRegen 0.07/turn               (no ring)
MPRegen 0.08/turn               (no ring)

@: no status effects
A: sickness immunity, AC +3, negative energy resistance 1, electricity
resistance, torment resistance 1, petrification resistance
a: no special abilities


You were on level 4 of the Dungeon.
You visited 1 branch of the dungeon, and saw 2 of its levels.

You collected 35 gold pieces.


Innate Abilities, Weirdness & Mutations

You are immune to sickness and miasma.
Your stone body is resilient. (AC +3)
You are immune to poison.
You resist negative energy. (rN+)
You are resistant to electric shocks. (rElec)
You are resistant to unholy torment.
You are immune to petrification.


   Skills:
 - Level 3.2 Fighting
 + Level 3.4 Axes
 - Level 1.5 Dodging
 - Level 5.4 Stealth


You had 2 spell levels left.
You didn't know any spells.
Your spell library was empty.

Inventory:

Hand Weapons
 a - a +0 hand axe (weapon)
 c - a +0 club
Armour
 b - a +0 leather armour (worn)
Wands
 g - a wand of digging (3)
Scrolls
 d - a scroll of teleportation {unknown}
Potions
 f - a potion of haste

Dungeon Overview and Level Annotations

Branches:
Dungeon (5/15)
 Temple: D:4-7

Altars:

Portals:
Ossuary: D:4


Message History

Robin is lightly wounded.
You closely miss the hobgoblin.
A goblin comes into view. It is wielding a +0 dagger.
The hobgoblin hits you. Robin barely misses you.
You closely miss Robin.
Robin is lightly wounded.
The goblin shouts!
You hit the hobgoblin but do no damage. The hobgoblin hits you.
Robin hits you with a +0 spear.
You hit Robin.
Robin is heavily wounded.
You closely miss the hobgoblin.
The hobgoblin hits you but does no damage.
Robin barely misses you.
You hit Robin but do no damage.
Robin is heavily wounded.
You hit the hobgoblin but do no damage.
The hobgoblin hits you but does no damage.
Robin roars a battlecry!
The goblin goes into a battle-frenzy!
You barely miss Robin.
Robin is heavily wounded.
You hit the hobgoblin but do no damage.
The hobgoblin no longer looks unusually strong. x2
The hobgoblin hits you but does no damage.
Robin hits you but does no damage.
You hit Robin.
Robin is heavily wounded.
You hit the hobgoblin but do no damage.
You hear the rapid hiss of a very distant avalanche of sand.
You hear the quick rusting of a distant drain.
The hobgoblin hits you. Robin hits you with a +0 spear.
You slash Robin!
You kill Robin!
You closely miss the hobgoblin. The hobgoblin barely misses you.
The hobgoblin hits you but does no damage.
You barely miss the hobgoblin. You hit the hobgoblin.
The hobgoblin barely misses you. The hobgoblin hits you.
You die...

################
########..............#
#...............#####.
#........#.####.#
#....###.#.# #.# #.#%##
#.#.####.# . #.#.#
#.#.#..).#####...
#.#.####.#.#..#)......#
#.#.##........##@g....#
#.#.##.....#.###g####.#
#.#.#....#.#.# #g#
...........#.# #.#
...........#.# #..
.##.#....#.#.# #..
.##.#>#..#.#.# #..
.........#.#.###...
......#.##.........


You could see 2 hobgoblins and a goblin (strong).

Vanquished Creatures
  Robin (D:4)
  An adder (D:4)
  A dart slug (D:5)
  A ball python (D:4)
  6 goblins (D:4)
  4 hobgoblins (D:4)
14 creatures vanquished.

Notes
Turn   | Place    | Note
-------+----------+-------------------------------------------
     0 | D:5      | qw the Gargoyle Delver began the quest for the Orb.
     0 | D:5      | Reached XP level 1. HP: 14/14 MP: 1/1
     0 | D:5      | 0 ||| qw: Version: 0.1-a-116-g5d60599
     0 | D:5      | 0 ||| qw: Game counter: 8830
     0 | D:5      | 0 ||| qw: Always use a shield: true
     0 | D:5      | 0 ||| qw: God list: Okawaru
     0 | D:5      | 0 ||| qw: Allow faded altars: false
     0 | D:5      | 0 ||| qw: Do Orc after D:15 true
     0 | D:5      | 0 ||| qw: Do second Lair branch before Depths: true
     0 | D:5      | 0 ||| qw: Lair rune preference: random
     0 | D:5      | 0 ||| qw: Plans: Normal
     0 | D:5      | 0 ||| PLANNING D:1-11
     5 | D:5      | 5 ||| DROPPING scroll of fog.
     6 | D:5      | 6 ||| DROPPING scroll of magic mapping.
     7 | D:5      | 7 ||| DROPPING scroll of fear.
    14 | D:5      | 14 ||| Stepping ~*~*~tactically~*~*~ (hiding).
    52 | D:4      | 52 ||| PLANNING SEWER
    60 | D:4      | Found a sand-covered staircase.
   187 | D:4      | Reached XP level 2. HP: 8/19 MP: 2/2
   375 | D:4      | Noticed Robin
   376 | D:4      | 376 ||| Stepping ~*~*~tactically~*~*~ (stealth).
   378 | D:4      | 378 ||| Stepping ~*~*~tactically~*~*~ (stealth).
   390 | D:4      | Reached skill level 3 in Axes
   514 | D:4      | Reached XP level 3. HP: 22/23 MP: 3/3
   528 | D:4      | 528 ||| Stepping ~*~*~tactically~*~*~ (stealth).
   532 | D:4      | 532 ||| Stepping ~*~*~tactically~*~*~ (stealth).
   535 | D:4      | 535 ||| Stepping ~*~*~tactically~*~*~ (hiding).
   548 | D:4      | HP: 5/23 [Robin/+0 spear (5)]
   552 | D:4      | HP: 1/23 [Robin/+0 spear (3)]
   553 | D:4      | Killed Robin
   554 | D:4      | Slain by a hobgoblin

Levels and vault maps discovered:
D:4:      layout_loops_ring, minmay_temple_entry_gardened_gates,
          nicolae_ossuary_entry_plus, lightli_sewer_entry_pipes, uniq_robin
D:5:      layout_rooms

Skill      XL: |  1  2 |
---------------+-------+-----
Axes           | 2 3 |  3.4
Fighting       | |  3.2
Dodging        | |  1.5
Stealth        | |  5.4

Action                   || total
-------------------------++-------
Melee: Hand axe          ||    46
Armor: Leather armour    ||    16
Dodge: Dodged            ||    24

Table legend:
 A = Non-vault XP
 B = Vault XP
 C = Vault XP percentage of total XP
 D = Non-vault monster count
 E = Vault monster count
 F = Vault count percentage of total count
                 A         B        C        D         E       F
            +---------+---------+-------+---------+---------+-------
      Total |      24 |      30 |  55.6 |       5 |       9 |  64.3
            +---------+---------+-------+---------+---------+-------
        D:4 |      20 |      30 |  60.0 |       4 |       9 |  69.2
        D:5 |       4 |       0 |   0.0 |       1 |       0 |   0.0
            +---------+---------+-------+---------+---------+-------
